 Dungeon Crawl Stone Soup version 0.27-a0-1242-ge70438ac7b (webtiles) character file.

Game seed: 12209403434441448475

275 Ethylacetat the Chiller (level 6, -9/73 HPs)
             Began as a Naga Ice Elementalist on June 9, 2021.
             Mangled by a wyvern (17 damage)
             ... on level 4 of the Dungeon.
             The game lasted 00:09:47 (3218 turns).

Ethylacetat the Chiller (Naga Ice Elementalist)     Turns: 3218, Time: 00:09:48

Health: -9/73      AC:  4    Str: 11    XL:     6   Next: 24%
Magic:  1/11       EV: 10    Int: 17    God:
Gold:   74         SH:  0    Dex: 11    Spells: 5/12 levels left

rFire    . . .     SeeInvis +   m - +0 dagger
rCold    . . .     Faith    .   (no shield)
rNeg     . . .     Spirit   .   a - +0 robe
rPois    +         Reflect  .   j - +0 helmet
rElec    .         Harm     .   (no cloak)
rCorr    .         Rampage  .   (no gloves)
Will     .....                  (no barding)
Stlth    ..........             (no amulet)
HPRegen  0.22/turn              (no ring)
MPRegen  0.12/turn              (no ring)

@: berserking, lethally poisoned (-9 -> -10), freezing walls, quick
A: AC +2, large, see invisible, deformed body, poison resistance, slowness 2,
spit poison 1, naga tail 1
a: Spit Poison


You were on level 4 of the Dungeon.
You visited 1 branch of the dungeon, and saw 4 of its levels.

You collected 74 gold pieces.

Inventory:

Hand Weapons
 m - a +0 dagger (weapon)
Armour
 a - a +0 robe (worn)
 j - a +0 helmet (worn)
Scrolls
 e - a scroll of teleportation {unknown}
 f - 2 scrolls of amnesia {unknown}
 g - a scroll of silence {unknown}
 i - a scroll of vulnerability {unknown}
Potions
 b - a potion of brilliance {unknown}
 c - a potion of berserk rage
 d - 2 potions of might {unknown}
 h - a potion of attraction {unknown}
 k - a potion of curing {unknown}
 l - a potion of cancellation {unknown}


   Skills:
 - Level 1.7 Dodging
 - Level 3.1 Stealth
 + Level 3.9 Spellcasting
 + Level 6.2 Ice Magic


You had 5 spell levels left.
You knew the following spells:

 Your Spells              Type           Power      Damage    Failure   Level
a - Freeze                Ice            96%        1d11      1%          1
b - Frozen Ramparts       Ice            48%        1d6       3%          3
c - Ozocubu's Armour      Ice            24%        N/A       3%          3

Your spell library contained the following spells:

 Spells                   Type           Power      Damage    Failure   Level
 Animate Skeleton         Necr           6%         N/A       16%         1
 Apportation              Tloc           6%         N/A       16%         1
 Corona                   Hex            3%         N/A       16%         1
 Summon Small Mammal      Summ           12%        N/A       16%         1
 Hailstorm                Conj/Ice       13%        3d5       41%         4
 Metabolic Englaciation   Hex/Ice        6%         N/A       77%         5


Dungeon Overview and Level Annotations

Branches:
Dungeon (4/15)
 Temple: D:4-7

Altars:

Shops:
D:2 [   D:3 ?


Innate Abilities, Weirdness & Mutations

Your serpentine skin is tough. (AC +2)
You have supernaturally acute eyesight. (SInv)
Armour fits poorly on your strangely shaped body.
Your system is resistant to poisons. (rPois)
You cover ground very slowly.
You can spit poison.
You have a snake-like lower body.


Message History

A wyvern comes into view.
You miss the adder.
The adder is heavily wounded.
The adder looks more healthy.
The adder barely misses you.
You miss the adder.
The adder is severely wounded.
The adder barely misses you. The adder bites you but does no damage.
You miss the adder.
The adder is severely wounded.
The wyvern hisses angrily.
The adder bites you.
You closely miss the adder.
The adder is severely wounded.
The adder bites you.
You are poisoned.
The adder poisons you!
Casting: Freeze (safe; 1% risk of failure)
Confirm with . or Enter, or press ? or * to list all spells.
Casting: Frozen Ramparts (dangerous; 3% risk of failure)
Press: ? - help, Dir - look around, f - activate The walls around you are covered in ice.
You feel sick. The adder bites you.
You hit the adder.
You kill the adder!
You feel sick.
The wall freezes the wyvern.
You hit the wyvern.
The wyvern is moderately wounded.
You feel sick.
The wall freezes the wyvern.
The wyvern closely misses you.
The wall freezes the wyvern.
The wyvern bites you!
* * * LOW HITPOINT WARNING * * *
It was a potion of berserk rage.
A red film seems to cover your vision as you go berserk!
You feel yourself moving faster!
You feel mighty!
You feel sick.
The wall freezes the wyvern.
The wyvern bites you!
* * * LOW HITPOINT WARNING * * *
You are too berserk!
You closely miss the wyvern.
The wyvern is heavily wounded.
You feel sick.
The wall freezes the wyvern.
The wyvern bites you!
You die...

........>......
#...........#
#...........#
#...........#
#...o.!.....#
#...........#####
#.......##.....#
#.......##)†...#
...........#@....#
..........)#l....###.#
......................
...........#†....###.#
..........>#†.........
...........#.....###.#
..........#.....#
.........#.....#
#########.....###.#


You could see a wyvern.

Vanquished Creatures
  An ogre (D:3)
  Ijyb (D:4)
  An orc wizard (D:4)
  6 adders
  4 dart slugs
  4 orcs
  2 bats
  2 endoplasms (D:3)
  6 giant cockroaches
  3 goblins
  6 hobgoblins
  7 jackals
  4 kobolds
  3 quokkas
  12 ball pythons
  A frilled lizard (D:3)
  4 rats
67 creatures vanquished.

Notes
Turn   | Place    | Note
-------+----------+-------------------------------------------
     0 | D:1      | Ethylacetat the Naga Ice Elementalist began the quest for
                  | the Orb.
     0 | D:1      | Reached XP level 1. HP: 15/15 MP: 3/3
   427 | D:1      | Reached XP level 2. HP: 20/22 MP: 5/5
  1076 | D:2      | Reached XP level 3. HP: 28/28 MP: 6/6
  1405 | D:2      | Found Xoceu's Armour Emporium.
  1415 | D:2      | Reached skill level 5 in Ice Magic
  1721 | D:2      | Learned a level 3 spell: Frozen Ramparts
  1766 | D:2      | Reached XP level 4. HP: 33/36 MP: 5/7
  2271 | D:3      | Noticed an ogre
  2275 | D:3      | Killed an ogre
  2276 | D:3      | Reached XP level 5. HP: 13/42 MP: 2/9
  2280 | D:3      | Learned a level 3 spell: Ozocubu's Armour
  2593 | D:3      | Found a faded altar of an unknown god.
  2642 | D:3      | Found Reedej's Magic Scroll Shop.
  3151 | D:4      | Noticed Ijyb
  3162 | D:4      | Killed Ijyb
  3163 | D:4      | Reached skill level 6 in Ice Magic
  3163 | D:4      | Reached XP level 6. HP: 39/49 MP: 4/11
  3209 | D:4      | Noticed a wyvern
  3218 | D:4      | Mangled by a wyvern

Illustrated notes

Levels and vault maps discovered:
D:1:      psy_arrival_basics, layout_basic
D:2:      layout_basic, serial_shops, shop
D:3:      layout_loops_ring, serial_shops, nicolae_shop_stone,
          basic_ecumenical_altar
D:4:      layout_basic, minmay_temple_entry_nine_rooms, uniq_ijyb

Skill      XL: |  1  2  3  4  5 |
---------------+----------------+-----
Ice Magic      | 5 6 |  6.2
Spellcasting   | 3 |  3.9
Dodging        | |  1.7
Stealth        | |  3.1

Action                   |  1- 3 |  4- 6 || total
-------------------------+-------+-------++-------
Melee: Unarmed           |    20 |    28 ||    48
       Dagger            |       |    17 ||    17
 Cast: Freeze            |    19 |    18 ||    37
       Frozen Ramparts   |       |     5 ||     5
       Ozocubu's Armour  |       |     1 ||     1
 Abil: Spit Poison       |    30 |    24 ||    54
  Use: Potion            |       |     1 ||     1
Armor: Robe              |    11 |    14 ||    25
Dodge: Dodged            |    23 |    25 ||    48

Table legend: (Time is in decaauts)
 A = Elapsed time spent in this place.
 B = Non-inter-level travel time spent in this place.
 C = Inter-level travel time spent in this place.
 D = Time resting spent in this place.
 E = Time spent auto-exploring this place.
 F = Levels seen in this place.
 G = Mean time per level.
                   A        B        C        D        E       F      G
               +--------+--------+--------+--------+--------+-----+--------+
         Total |   4022 |   3878 |    144 |      0 |   3453 |   4 | 1005.5 |
       Dungeon |   4022 |   3878 |    144 |      0 |   3453 |   4 | 1005.5 |
               +--------+--------+--------+--------+--------+-----+--------+

Top non-repeatable levels by time:
     D:2: 1379 daAuts
     D:1: 1361 daAuts
     D:3: 1086 daAuts
     D:4: 195 daAuts
